 Dungeon Crawl Stone Soup version 0.21-a0-404-g291f19a (webtiles) character file.

191 Monsterracer the Vexing (level 5, -3/41 HPs)
             Began as a Gnoll Arcane Marksman on Oct 29, 2017.
             Slain by Monsterracer's ghost (10 damage)
             ... on level 3 of the Dungeon.
             The game lasted 00:05:57 (3361 turns).

Monsterracer the Vexing (Gnoll Arcane Marksman)     Turns: 3361, Time: 00:05:58

Health: -3/41      AC:  4    Str: 13    XL:     5   Next: 70%
Magic:  1/9        EV: 15    Int: 15    God:
Gold:   192        SH:  0    Dex: 16    Spells: 2/10 levels left

rFire    . . .     SeeInvis .   a - +0 hand crossbow
rCold    . . .     Gourm    .   (no shield)
rNeg     . . .     Faith    .   e - +0 robe
rPois    .         Spirit   .   c - +0 helmet
rElec    .         Reflect  .   (no cloak)
rCorr    .         Harm     .   (no gloves)
MR       .....                  u - +0 pair of boots
Stlth    +.........             (no amulet)
HPRegen  0.13/turn              (no ring)
MPRegen  0.11/turn              (no ring)

@: very slightly contaminated, glowing
A: distributed training, fangs 1, strong nose
a: no special abilities


You were on level 3 of the Dungeon.
You were not hungry.

You visited 1 branch of the dungeon, and saw 3 of its levels.

You collected 192 gold pieces.

Inventory:

Hand Weapons
 a - a +0 hand crossbow (weapon)
 b - a +1 dagger of draining
 i - a +3 hand axe
 q - a cursed -1 spear
Missiles
 d - 47 bolts (quivered)
Armour
 c - a +0 helmet (worn)
 e - a +0 robe (worn)
 s - a +0 chain mail
 u - a +0 pair of boots (worn)
Scrolls
 g - 5 scrolls of teleportation
 h - 3 scrolls of recharging {unknown}
 k - a scroll of noise {unknown}
 l - a scroll of enchant armour {unknown}
 m - a scroll of fear {unknown}
 t - 3 scrolls of identify
 v - a scroll of magic mapping {unknown}
Potions
 j - 2 potions of heal wounds
 n - 2 potions of resistance
 o - a potion of lignification
 p - a potion of magic
Comestibles
 f - 4 bread rations
 r - a meat ration


   Skills:
 + Level 3.0 Fighting
 + Level 1.5 Short Blades
 + Level 1.5 Long Blades
 + Level 1.5 Axes
 + Level 1.5 Maces & Flails
 + Level 1.5 Polearms
 + Level 1.5 Staves
 + Level 1.5 Slings
 + Level 1.5 Bows
 + Level 4.8 Crossbows
 + Level 1.5 Throwing
 + Level 1.5 Armour
 + Level 4.8 Dodging
 + Level 1.5 Stealth
 + Level 1.5 Shields
 + Level 1.5 Unarmed Combat
 + Level 3.2 Spellcasting
 + Level 1.2 Conjurations
 + Level 5.5 Hexes
 + Level 1.2 Charms
 + Level 1.2 Summonings
 + Level 1.2 Necromancy
 + Level 1.2 Translocations
 + Level 1.2 Transmutations
 + Level 1.2 Fire Magic
 + Level 1.2 Ice Magic
 + Level 1.2 Air Magic
 + Level 1.2 Earth Magic
 + Level 1.2 Poison Magic
 + Level 1.7 Invocations
 + Level 1.5 Evocations


You had 2 spell levels left.
You knew the following spells:

 Your Spells              Type           Power        Failure   Level  Hunger
a - Corona                Hex            ###....      1%          1    #......
c - Portal Projectile     Hex/Tloc       ##....       14%         3    ###....
w - Cause Fear            Hex            ###.......   21%         4    #####..


Dungeon Overview and Level Annotations

Branches:
Dungeon (3/15)

Altars:
Ashenzari
Gozag

Annotations:
D:3 Monsterracer's ghost, amateur GnAM


Innate Abilities, Weirdness & Mutations

Your experience applies equally to all skills.
You have very sharp teeth.
Your uncanny sense of smell can sniff out nearby items.


Message History

Wear which item? (? for menu, Esc to quit)
You start putting on your armour.
You continue putting on your pair of boots. x4
You finish putting on your +0 pair of boots.
Things that are here:
2 tomahawks; 2 stones
Items here: (( ))) [[[
Things that are here:
a book of Debilitation; a tomahawk; 2 stones Key pressed, stopping explore.
Monsterracer's ghost is too close now for your liking.
a - a +0 hand crossbow (weapon)
Casting: Corona
Confirm with . or Enter, or press ? or * to list all spells.
Okay, then.
Casting: Corona
Confirm with . or Enter, or press ? or * to list all spells.
You miscast Portal Projectile.
You are very lightly contaminated with residual magic.
Strange energies run through your body.
You now have 6/9 mp.
Casting: Portal Projectile
Confirm with . or Enter, or press ? or * to list all spells.
You begin teleporting projectiles to their destination.
You now have 3/9 mp.
Firing (i - inventory):
d - 55 bolts (quivered)
Press: ? - help, Shift-Dir - straight line, f - Monsterracer's ghost
Aim: Monsterracer's ghost You magically shoot a bolt.
The bolt hits Monsterracer's ghost!
Monsterracer's ghost is moderately damaged.
Monsterracer's ghost casts a spell at you.
You are outlined in light.
You now have 2/9 mp.
Firing (i - inventory):
d - 54 bolts (quivered)
Press: ? - help, Shift-Dir - straight line, f/p - Monsterracer's ghost
Aim: Monsterracer's ghost (moderately damaged)
You magically shoot a bolt.
The bolt hits Monsterracer's ghost.
Monsterracer's ghost is heavily damaged.
You now have 1/9 mp.
Firing (i - inventory):
d - 53 bolts (quivered)
Press: ? - help, Shift-Dir - straight line, f/p - Monsterracer's ghost
Aim: Monsterracer's ghost (heavily damaged)
You magically shoot a bolt.
The bolt closely misses Monsterracer's ghost.
You now have 0/9 mp.
Firing (i - inventory):
d - 52 bolts (quivered)
Press: ? - help, Shift-Dir - straight line, f/p - Monsterracer's ghost
Aim: Monsterracer's ghost (heavily damaged)
You shoot a bolt.
The bolt barely misses Monsterracer's ghost.
You are no longer teleporting projectiles to their destination.
Monsterracer's ghost barely misses you.
Firing (i - inventory):
d - 51 bolts (quivered)
Press: ? - help, Shift-Dir - straight line, f/p - Monsterracer's ghost
Aim: Monsterracer's ghost (heavily damaged)
You shoot a bolt. The bolt hits Monsterracer's ghost!
Monsterracer's ghost is severely damaged.
Monsterracer's ghost barely misses you.
Firing (i - inventory):
d - 50 bolts (quivered)
Press: ? - help, Shift-Dir - straight line, f/p - Monsterracer's ghost
Aim: Monsterracer's ghost (severely damaged)
You shoot a bolt. The bolt hits Monsterracer's ghost.
Monsterracer's ghost is severely damaged.
Monsterracer's ghost barely misses you. Monsterracer's ghost hits you.
You take 2 damage, and have 39/41 hp.
Firing (i - inventory):
d - 49 bolts (quivered)
Press: ? - help, Shift-Dir - straight line, f/p - Monsterracer's ghost
Aim: Monsterracer's ghost (severely damaged)
You shoot a bolt.
The bolt closely misses Monsterracer's ghost.
Monsterracer's ghost hits you!
You take 12 damage, and have 27/41 hp.
MASSIVE DAMAGE!!
You are too injured to fight recklessly!
You are too injured to fight recklessly!
You are too injured to fight recklessly!
You are too injured to fight recklessly!
You are too injured to fight recklessly!
Firing (i - inventory):
d - 48 bolts (quivered)
Press: ? - help, Shift-Dir - straight line, f/p - Monsterracer's ghost
Aim: Monsterracer's ghost (severely damaged)
You shoot a bolt. The bolt hits Monsterracer's ghost.
Monsterracer's ghost is severely damaged.
Monsterracer's ghost hits you!
* * * LOW HITPOINT WARNING * * *
You take 9 damage, and have 18/41 hp.
MASSIVE DAMAGE!!
Unknown command.
Casting: Portal Projectile
Confirm with . or Enter, or press ? or * to list all spells.
Aiming: Corona
Press: ? - help, Shift-Dir - straight line, f/p - Monsterracer's ghost
Aim: Monsterracer's ghost (severely damaged, chance to defeat MR: 51%) Monsterracer's ghost is outlined in light.
Monsterracer's ghost hits you!
* * * LOW HITPOINT WARNING * * *
You take 12 damage, and have 6/41 hp.
MASSIVE DAMAGE!!
You now have 0/9 mp.
Unknown command.
Monsterracer's ghost says, "When I snap my fingers, you will think you are a chicken."
Monsterracer's ghost stops glowing.
Monsterracer's ghost hits you!
You die...

#.# ## #.# ##)
#(#### ##..
#.##.## ##...
#####(#...####....
#....(...<...o....
#.###.#...####....
#.# #.##.## ##...
#@# #.##.# ##..
#W# #.##.# ##. #.#
#.##.# ##
#.###.##.#########
#........##.......
#####.####....####
#.# #..#.###. #.#
#..#.##..
#.####..#.###.


You could see Monsterracer's ghost.

Vanquished Creatures
  Ijyb (D:2)
  An orc wizard (D:3)
  4 gnolls (D:3)
  2 adders (D:2)
  A worm (D:2)
  4 dart slugs
  5 leopard geckos
  6 orcs (D:3)
  2 giant cockroaches
  14 goblins
  2 hobgoblins (D:1)
  A ball python (D:2)
  7 bats
  6 frilled lizards
  8 kobolds
  7 rats
71 creatures vanquished.

Notes
Turn   | Place    | Note
-------+----------+-------------------------------------------
     0 | D:1      | Monsterracer the Gnoll Arcane Marksman began the quest for the Orb.
     0 | D:1      | Reached XP level 1. HP: 17/17 MP: 4/4
   122 | D:1      | HP: 8/17 [bat (1)]
   361 | D:1      | Reached XP level 2. HP: 23/23 MP: 5/5
   608 | D:1      | Reached XP level 3. HP: 28/28 MP: 7/7
   923 | D:1      | You fall through a shaft!
   992 | D:2      | Reached skill level 1 in Invocations
   998 | D:2      | HP: 14/28 [goblin/hunting sling (2)]
  1003 | D:2      | HP: 10/28 [ball python (1)]
  1298 | D:2      | Noticed Ijyb
  1332 | D:2      | Reached skill level 1 in Short Blades
  1332 | D:2      | Reached skill level 1 in Long Blades
  1332 | D:2      | Reached skill level 1 in Axes
  1332 | D:2      | Reached skill level 1 in Maces & Flails
  1332 | D:2      | Reached skill level 1 in Polearms
  1332 | D:2      | Reached skill level 1 in Staves
  1332 | D:2      | Reached skill level 1 in Slings
  1332 | D:2      | Reached skill level 1 in Bows
  1332 | D:2      | Reached skill level 1 in Throwing
  1332 | D:2      | Reached skill level 1 in Armour
  1332 | D:2      | Reached skill level 1 in Stealth
  1332 | D:2      | Reached skill level 1 in Shields
  1332 | D:2      | Reached skill level 1 in Unarmed Combat
  1332 | D:2      | Reached skill level 1 in Evocations
  1332 | D:2      | HP: 14/28 [goblin/stone (5)]
  1338 | D:2      | HP: 11/28 [frilled lizard (1)]
  1342 | D:2      | Reached XP level 4. HP: 10/34 MP: 8/8
  1492 | D:2      | Killed Ijyb
  1715 | D:2      | Reached skill level 1 in Conjurations
  1715 | D:2      | Reached skill level 1 in Charms
  1715 | D:2      | Reached skill level 1 in Summonings
  1715 | D:2      | Reached skill level 1 in Necromancy
  1715 | D:2      | Reached skill level 1 in Translocations
  1715 | D:2      | Reached skill level 1 in Transmutations
  1715 | D:2      | Reached skill level 1 in Fire Magic
  1715 | D:2      | Reached skill level 1 in Ice Magic
  1715 | D:2      | Reached skill level 1 in Air Magic
  1715 | D:2      | Reached skill level 1 in Earth Magic
  1715 | D:2      | Reached skill level 1 in Poison Magic
  2118 | D:3      | Noticed Monsterracer's ghost (amateur GnAM)
  2379 | D:3      | Reached XP level 5. HP: 24/40 MP: 9/9
  2387 | D:3      | HP: 20/40 [something (1)]
  2393 | D:3      | HP: 18/40 [orc/dagger (2)]
  2509 | D:3      | Learned a level 3 spell: Portal Projectile
  2514 | D:3      | Learned a level 4 spell: Cause Fear
  2590 | D:3      | Found an opulent altar of Gozag.
  2608 | D:3      | Found a shattered altar of Ashenzari.
  3348 | D:3      | HP: 18/41 [Monsterracer's ghost (9)]
  3349 | D:3      | HP: 6/41 [Monsterracer's ghost (12)]
  3361 | D:3      | Slain by Monsterracer's ghost

Vault maps used:
D:1:      wheals_arrival_shading
D:2:      kennysheep_the_goblin_king, minmay_misc_feat_doors
D:3:      ashenzari_altar_1, grunt_gozag_statues, first_bread

Skill      XL: |  1  2  3  4  5 |
---------------+----------------+-----
Invocations    | 1 |  1.7
Short Blades   | 1 |  1.5
Long Blades    | 1 |  1.5
Axes           | 1 |  1.5
Maces & Flails | 1 |  1.5
Polearms       | 1 |  1.5
Staves         | 1 |  1.5
Slings         | 1 |  1.5
Bows           | 1 |  1.5
Throwing       | 1 |  1.5
Armour         | 1 |  1.5
Stealth        | 1 |  1.5
Shields        | 1 |  1.5
Unarmed Combat | 1 |  1.5
Evocations     | 1 |  1.5
Spellcasting   | 3 |  3.2
Conjurations   | 1 |  1.2
Charms         | 1 |  1.2
Summonings     | 1 |  1.2
Necromancy     | 1 |  1.2
Translocations | 1 |  1.2
Transmutations | 1 |  1.2
Fire Magic     | 1 |  1.2
Ice Magic      | 1 |  1.2
Air Magic      | 1 |  1.2
Earth Magic    | 1 |  1.2
Poison Magic   | 1 |  1.2
Fighting       | 3 |  3.0
Crossbows      | |  4.8
Dodging        | |  4.8
Hexes          | |  5.5

Action                   |  1- 3 |  4- 6 || total
-------------------------+-------+-------++-------
Melee: Unarmed           |    48 |       ||    48
       Short sword       |    70 |       ||    70
       Bite              |    11 |     2 ||    13
       Spear             |    22 |    43 ||    65
       Dagger            |       |    52 ||    52
       Punch             |       |     1 ||     1
 Fire: Hand crossbow     |    18 |    42 ||    60
 Cast: Corona            |     1 |     2 ||     3
       Portal Projectile |       |     1 ||     1
  Use: Scroll            |       |     4 ||     4
       Potion            |       |     1 ||     1
 Stab: Sleeping          |     2 |       ||     2
  Eat: Chunk             |     1 |     7 ||     8
Armor: Robe              |    45 |    12 ||    57
       Skin              |       |    21 ||    21
Dodge: Dodged            |   149 |    56 ||   205

Table legend:
 A = Spawn XP
 B = Non-spawn XP
 C = Spawn XP percentage of total XP
 D = Spawn monster count
 E = Non-spawn monster count
 F = Spawn count percentage of total count
 G = Total turns spent on level
                    A         B        C        D         E        F      G
               +---------+---------+-------+---------+---------+-------+---------
         Total |       0 |     274 |   0.0 |       0 |      71 |   0.0 |  3361
               +---------+---------+-------+---------+---------+-------+---------
           D:1 |       0 |      45 |   0.0 |       0 |      26 |   0.0 |   923
           D:2 |       0 |     105 |   0.0 |       0 |      25 |   0.0 |  1124
           D:3 |       0 |     124 |   0.0 |       0 |      20 |   0.0 |  1314
               +---------+---------+-------+---------+---------+-------+---------

Vault maps used:
D:1:      wheals_arrival_shading
D:2:      kennysheep_the_goblin_king, minmay_misc_feat_doors
D:3:      ashenzari_altar_1, grunt_gozag_statues, first_bread
